 Dungeon Crawl Stone Soup version 0.28.0-47-ge53b351184 (webtiles) character file.

Game seed: 6562822787127743465

1303 101zpm the Ducker (level 8, -9/74 HPs)
             Began as a Troll Hedge Wizard on Apr 28, 2022.
             Was an Initiate of Qazlal.
             Killed from afar by an electric eel (13 damage)
             ... with a bolt of electricity
             ... on level 6 of the Dungeon.
             The game lasted 00:07:51 (4883 turns).

101zpm the Ducker (Troll Hedge Wizard)              Turns: 4883, Time: 00:07:51

Health: -9/74      AC:  0    Str: 19    XL:     8   Next: 31%
Magic:  10/10      EV: 10    Int: 12    God:    Qazlal [......]
Gold:   138        SH:  0    Dex:  9    Spells: 10/12 levels left

rFire   . . .      SeeInvis .   k - +1 spear (venom)
rCold   . . .      Faith    .   (no shield)
rNeg    . . .      Spirit   .   b - +0 robe
rPois   .          Reflect  .   c - +0 hat
rElec   .          Harm     .   (no cloak)
rCorr   .          Rampage  .   (gloves unavailable)
Will    .....                   (boots unavailable)
Stlth   ++........              (no amulet)
HPRegen 1.02/turn               (no ring)
MPRegen 0.12/turn               (no ring)

@: corroded
A: large, unfitting armour, claws 3, regeneration 1, shaggy fur 1, tough skin 1
a: Renounce Religion


You were on level 6 of the Dungeon.
You worshipped Qazlal.
Qazlal was noncommittal.
You visited 2 branches of the dungeon, and saw 7 of its levels.
You also visited: Sewer.

You collected 138 gold pieces.

Inventory:

Hand Weapons
 e - a +2 dagger of venom
 k - a +1 spear of venom (weapon)
Missiles
 z - 2 boomerangs
 B - 25 stones
Armour
 b - a +0 robe (worn)
 c - a +0 hat (worn)
 i - a +0 tower shield
Jewellery
 y - a ring of ice
Wands
 o - a wand of polymorph (6)
 A - a wand of paralysis (4)
Scrolls
 f - 2 scrolls of blinking {unknown}
 h - 2 scrolls of fog {unknown}
 m - a scroll of identify {unknown}
 n - a scroll of immolation {unknown}
 q - a scroll of holy word {unknown}
 r - a scroll of teleportation {unknown}
 s - 2 scrolls of summoning {unknown}
 t - a scroll of enchant weapon {unknown}
 u - a scroll of acquirement {unknown}
 v - a scroll of fear {unknown}
Potions
 a - 3 potions of attraction {unknown}
 d - 2 potions of flight {unknown}
 g - 2 potions of heal wounds {unknown}
 j - a potion of ambrosia {unknown}
 l - a potion of lignification {unknown}
 p - a potion of magic {unknown}
 w - a potion of invisibility {unknown}
 x - a potion of haste {unknown}
 C - a potion of degeneration {unknown}


   Skills:
 + Level 2.6 Fighting
 + Level 1.6 Short Blades
 + Level 3.9 Polearms
 + Level 4.4 Dodging
 + Level 1.7 Stealth
 + Level 3.1 Shields
 + Level 1.3 Unarmed Combat
 + Level 2.5 Spellcasting
 + Level 0.7 Conjurations
 + Level 0.7 Summonings
 + Level 0.6 Translocations


You had 10 spell levels left.
You knew the following spells:

 Your Spells              Type           Power      Damage    Failure   Level
a - Magic Dart            Conj           12%        1d3       19%         1
b - Beastly Appendage     Tmut           2%         N/A       26%         1

Your spell library contained the following spells:

 Spells                   Type           Power      Damage    Failure   Level
 Slow                     Hex            4%         N/A       26%         1
 Call Imp                 Summ           3%         N/A       28%         2
 Blink                    Tloc           4%         N/A       30%         2
 Wereblood                Tmut           1%         N/A       36%         2
 Conjure Flame            Conj/Fire      2%         6-21      56%         3
 Mephitic Cloud           Conj/Pois/Air  2%         N/A       56%         3
 Spider Form              Tmut/Pois      1%         N/A       61%         3


Dungeon Overview and Level Annotations

Branches:
Dungeon (6/15)             Temple (1/1) D:6           Sewer (visited)

Altars:
Ashenzari
Cheibriados
Dithmenos
Kikubaaqudgha
Makhleb
Okawaru
Qazlal
Sif Muna
Uskayaw
Vehumet
Wu Jian
Xom
Yredelemnul
Zin
The Shining One

Annotations:
D:3 3 runed translucent doors, Bruhh's ghost, amateur DjFE


Innate Abilities, Weirdness & Mutations

You are too large for most types of armour.
You have claws for hands.
Your natural rate of healing is unusually fast.
You are covered in fur. (AC +1)
You have tough skin. (AC +1)


Message History

The jelly is moderately wounded.
The electric eel shoots out a bolt of lightning at you!
The bolt of electricity hits you!
You hit the jelly. The acid corrodes you!
Your claws burn!
The jelly is heavily wounded.
The jelly closely misses you.
You hit the jelly but do no damage.
Your claws burn!
The jelly is heavily wounded.
You hit the jelly but do no damage.
The jelly looks as sick as possible!
Your claws burn!
The jelly is heavily wounded.
The jelly barely misses you.
You hit the jelly.
Your claws burn!
You claw the jelly.
You kill the jelly!
Qazlal accepts your kill.
The electric eel shoots out a bolt of lightning at you!
The bolt of electricity hits you!
The electric eel shoots out a bolt of lightning at you!
The bolt of electricity misses you.
You reach to attack!
You closely miss the electric eel.
The electric eel shoots out a bolt of lightning at you!
The bolt of electricity hits you!
You are too injured to fight recklessly!
You are too injured to fight recklessly!
You are too injured to fight recklessly!
You are too injured to fight recklessly!
You are too injured to fight recklessly!
The electric eel shoots out a bolt of lightning at you!
The bolt of electricity hits you.
The electric eel shoots out a bolt of lightning at you!
The bolt of electricity hits you!
* * * LOW HITPOINT WARNING * * *
The electric eel shoots out a bolt of lightning at you!
The bolt of electricity hits you!
* * * LOW HITPOINT WARNING * * *
The bolt of electricity hits you.
* * * LOW HITPOINT WARNING * * *
The electric eel shoots out a bolt of lightning at you!
The bolt of electricity hits you!
You die...

..............#.>.#....
.............#.#.#.#.###
..............#.#.#..#
...............#.#...#
.....................#
.....................#
..........<.........## #
...................## .##
...........#.#.#@#######..#
...........#.#.#..........#
..........#.#.#..........♣♣
.............#..........≈P
........#.###......♣♣..≈
.......#.# #.....♣P≈..≈≈
#.# #..≈≈♣S P..≈≈
....♣≈≈P≈≈ ..≈≈ ....♣≈≈≈≈≈.
..≈


You could see an electric eel.

Vanquished Creatures
  Grinder (D:3)
  Pargi (Sewer)
  An ogre (D:5)
  A necrophage (D:4)
  A centaur (D:5)
  2 phantoms
  A scorpion (D:5)
  A jelly (D:6)
  2 orc priests
  A centaur skeleton (D:5)
  3 bullfrog skeletons
  3 iron imps (D:4)
  An iguana (D:5)
  Natasha (thrice) (D:3)
  An orc wizard (D:5)
  5 adders
  2 worms
  3 dart slugs
  6 orcs
  A bat skeleton (D:2)
  11 endoplasms
  3 giant cockroaches
  6 hobgoblins
  6 jackals (D:2)
  4 quokkas
  7 ball pythons
  2 bats (D:2)
  8 frilled lizards
  A giant cockroach zombie (D:2)
  10 goblins
  7 kobolds
  6 rats
111 creatures vanquished.

Notes
Turn   | Place    | Note
-------+----------+-------------------------------------------
     0 | D:1      | 101zpm the Troll Hedge Wizard began the quest for the Orb.
     0 | D:1      | Reached XP level 1. HP: 16/16 MP: 2/2
   208 | D:1      | Reached XP level 2. HP: 24/24 MP: 4/4
   592 | D:1      | Reached skill level 2 in Dodging
   592 | D:1      | Reached XP level 3. HP: 31/31 MP: 5/5
   669 | D:1      | Found a faded altar of an unknown god.
  1268 | D:2      | Reached XP level 4. HP: 39/39 MP: 6/6
  1610 | D:3      | Noticed Natasha
  1622 | D:3      | Killed Natasha
  1623 | D:3      | Reached skill level 1 in Short Blades
  1741 | D:3      | Found a runed translucent gate.
  1741 | D:3      | Found a runed translucent gate.
  1743 | D:3      | Found a runed translucent gate.
  1779 | D:3      | Noticed a phantom
  1789 | D:3      | Noticed Natasha
  1797 | D:3      | Found an ancient bone altar of Kikubaaqudgha.
  1819 | D:3      | Killed Natasha
  1820 | D:3      | Reached XP level 5. HP: 35/46 MP: 7/7
  1850 | D:3      | Killed a phantom
  1851 | D:3      | Reached skill level 1 in Fighting
  1851 | D:3      | Reached skill level 1 in Shields
  1894 | D:3      | Noticed Bruhh's ghost (amateur DjFE)
  1902 | D:3      | Noticed Grinder
  1916 | D:3      | Paralysed by Grinder for 7 turns
  1925 | D:3      | Killed Grinder
  1926 | D:3      | Reached skill level 1 in Polearms
  1926 | D:3      | Reached skill level 3 in Dodging
  1926 | D:3      | Reached XP level 6. HP: 48/55 MP: 8/8
  2548 | D:3      | Noticed Natasha
  2559 | D:3      | Killed Natasha
  2666 | D:4      | Reached skill level 1 in Unarmed Combat
  2690 | D:4      | Found a glowing drain.
  2702 | Sewer    | Entered a sewer
  2796 | Sewer    | Noticed Pargi
  2806 | Sewer    | Killed Pargi
  2807 | Sewer    | Reached XP level 7. HP: 40/63 MP: 9/9
  3165 | D:4      | Found a basalt altar of Yredelemnul.
  3297 | D:4      | Found a burning altar of Makhleb.
  3403 | D:4      | Learned a level 1 spell: Beastly Appendage
  3462 | D:5      | Entered Level 5 of the Dungeon
  3677 | D:5      | Reached skill level 4 in Dodging
  3770 | D:5      | Found a snail-covered altar of Cheibriados.
  3929 | D:5      | Reached XP level 8. HP: 56/74 MP: 10/10
  4373 | D:5      | Found a hide-covered altar of Uskayaw.
  4568 | D:6      | Found a staircase to the Ecumenical Temple.
  4580 | Temple   | Entered the Ecumenical Temple
  4818 | Temple   | Became a worshipper of Qazlal Stormbringer
  4882 | D:6      | HP: 2/74 [electric eel/bolt of electricity (6)]
  4883 | D:6      | Killed from afar by an electric eel

Illustrated notes

Levels and vault maps discovered:
D:1:      dpeg_arrival_short_road, layout_loops_ring,
          chequers_ecumenical_altar_twisty, corexii_item_surrounded_by_moat
D:2:      layout_loops_corners, serial_undead, serial_undead_b, serial_undead_e,
          serial_undead_a, serial_undead_f
D:3:      layout_basic, nicolae_kikubaaqudgha_miasma_corner,
          gammafunk_ghost_icy, uniq_natasha, uniq_grinder
D:4:      layout_basic, overflow_temple_1_default, demons_altar,
          cheibrodos_sewer_entry_drain
D:5:      layout_loops_ring, slow_altar_1, mainiacjoe_overflow_alcove_4
D:6:      layout_basic, kennysheep_mini, hangedman_ru_absence,
          minmay_temple_entry_grid, serial_bayou, serial_bayou_shore_a,
          serial_bayou_pond_a, serial_bayou_lagoon_a, serial_bayou_ford_a,
          uniq_eustachio, uniq_duvessa, uniq_edmund
Temple:   dpeg_chambers_temple

Skill      XL: |  1  2  3  4  5  6  7  8 |
---------------+-------------------------+-----
Dodging        | 2 3 4 |  4.4
Short Blades   | 1 |  1.6
Fighting       | 1 2 |  2.6
Shields        | 1 2 3 |  3.1
Polearms       | 1 2 3 |  3.9
Unarmed Combat | 1 |  1.3
Stealth        | |  1.7
Spellcasting   | |  2.5
Conjurations   | |  0.7
Summonings     | |  0.7
Translocations | |  0.6

Action                   |  1- 3 |  4- 6 |  7- 9 || total
-------------------------+-------+-------+-------++-------
Melee: Dagger            |   132 |     3 |       ||   135
       Punch             |     2 |       |     4 ||     6
       Spear             |       |   105 |   191 ||   296
       Unarmed           |       |    30 |       ||    30
 Cast: Magic Dart        |       |       |     1 ||     1
 Stab: Sleeping          |       |     1 |     1 ||     2
Armor: Robe              |    43 |    32 |    28 ||   103
       Skin              |       |     1 |       ||     1
Dodge: Dodged            |    48 |    51 |    72 ||   171
Block: Tower shield      |    22 |    45 |    28 ||    95
